Map: Year Zero LE

Players

Hurricane

  • Race: Protoss Protoss
  • Spawn Location: 11:00

soO - Winner!

  • Race: Zerg Zerg
  • Spawn Location: 1:00

Event: IEM Season 13: Katowice (2019)

VOD

Have the link to the VOD?

Description

Time

  • Played on: Feb. 26, 2019, 6:24 a.m.
  • Length: 14:35

All games in this series

Show
View Real Time Build Order
Export as new Build Order

Hurricane Protoss 

Build Orders: 1 Gate Expand, Oracle Opening, Phoenix Opening, Zealot Archon 

Get SALT Encoding   

  12  0:00  Probe  
  13  0:12  Probe  
  14  0:20  Pylon  
  14  0:24  Probe  
  15  0:34  Probe  
  15  0:39  Gateway  
  15  0:42  Probe  
  17  0:50  Assimilator  
  17  0:52  Probe  
  18  1:04  Probe  
  19  1:16  Probe  
  20  1:27  Nexus  
  20  1:37  Cybernetics Core  
  20  1:39  Probe  
  21  1:46  Assimilator  
  21  1:52  Probe  
  22  1:56  Pylon  
  22  2:04  Adept, Probe  
  25  2:16  Probe  
  25  2:20  Stargate  
  26  2:28  Probe  
  26  2:29  Warp Gate  
  27  2:34  Adept  
  27  2:36  Probe x2  
  31  2:44  Probe x2  
  33  2:54  Probe x2  
  33  2:56  Phoenix  
  37  3:06  Probe x2  
  39  3:13  Pylon  
  39  3:19  Probe  
  40  3:21  Oracle  
  40  3:23  Probe  
  44  3:30  Assimilator  
  44  3:32  Probe  
  44  3:33  Adept  
  47  3:36  Probe  
  47  3:41  Gateway  
  48  3:45  Probe  
  49  3:49  Pylon  
  49  3:51  Probe  
  49  3:55  Gateway  
  50  3:59  Probe  
  50  4:00  Oracle  
  51  4:03  Probe  
  51  4:09  Assimilator  
  52  4:11  Probe  
  52  4:13  Pylon  
  56  4:19  Probe  
  56  4:23  Probe  
  58  4:30  Nexus  
  58  4:32  Pylon  
  58  4:39  Robotics Facility  
  58  4:44  Probe x2  
  60  4:53  Twilight Council  
  60  4:55  Forge  
  60  5:00  Probe x2  
  62  5:11  Sentry  
  62  5:12  Sentry, Zealot  
  62  5:13  Probe x2  
  70  5:21  Protoss Ground Weapons Level 1, Charge  
  70  5:23  Warp Prism  
  70  5:25  Probe  
  71  5:33  Templar Archives  
  73  5:36  Gateway  
  73  5:38  Probe x2  
  75  5:45  Gateway  
  75  5:47  Gateway  
  75  5:48  Probe  
  76  5:50  Probe  
  76  5:52  Probe  
  76  5:56  Observer  
  78  6:00  Probe  
  78  6:01  Gateway  
  78  6:03  Gateway  
  80  6:06  Zealot  
  80  6:13  Probe x2  
  80  6:15  Assimilator  
  80  6:16  Assimilator  
  82  6:20  Pylon  
  84  6:27  High Templar x2  
  84  6:29  High Templar  
  84  6:30  High Templar  
  84  6:31  Photon Cannon  
  90  6:33  Archon  
  90  6:34  Pylon, Archon  
  90  6:36  Phoenix  
  90  6:37  Photon Cannon  
  92  6:42  Probe x2  
  92  6:45  Probe  
  95  6:47  Photon Cannon  
  95  6:55  Zealot x3  
  95  6:59  Zealot x3  
  105  7:09  Protoss Ground Weapons Level 2  
  105  7:11  Probe x2  
  105  7:12  Warp Prism  
  105  7:14  Probe  
  105  7:15  Psionic Storm  
  98  7:17  High Templar, Phoenix  
  98  7:18  Zealot x3, High Templar  
  106  7:36  Shield Battery  
  106  7:37  Photon Cannon x2  
  106  7:51  High Templar  
  108  7:53  Pylon  
  108  7:55  Pylon  
  108  7:59  Pylon  
  108  8:03  Immortal  
  108  8:12  High Templar  
  111  8:14  Pylon  
  111  8:15  Observer  
  111  8:18  High Templar x2  
  115  8:26  Probe x3  
  115  8:28  Nexus  
  115  8:29  Pylon  
  115  8:32  Zealot x2, High Templar x2  
  115  8:33  Zealot  
  125  8:38  Archon  
  125  8:40  Immortal  
  125  8:42  Probe  
  125  8:45  Observer  
  125  8:47  Zealot  
  128  8:52  Probe x2  
  128  8:54  Photon Cannon  
  134  8:56  Pylon  
  134  8:57  Photon Cannon, Shield Battery  
  134  9:00  Blink  
  130  9:13  Gateway  
  130  9:17  Gateway  
  130  9:18  Zealot x3, High Templar x2  
  130  9:19  Immortal, Zealot x2  
  130  9:21  Zealot  
  144  9:40  Photon Cannon, Assimilator  
  144  9:42  High Templar x4  
  144  9:44  Assimilator  
  150  9:46  Archon x2  
  150  9:51  Stalker x2  
  150  9:52  Zealot x2  
  156  10:01  Protoss Ground Weapons Level 3, Probe x3  
  149  10:16  Zealot x2, High Templar x2  
  149  10:17  Zealot x3  
  149  10:19  Pylon  
  149  10:20  Pylon  
  163  10:32  High Templar  
  163  10:37  Pylon  
  163  10:38  Pylon  
  163  10:39  High Templar  
  165  10:44  Fleet Beacon  
  165  10:47  Zealot x4  
  165  10:48  Warp Prism  
  165  10:49  Stalker  
  175  10:50  Stalker, Archon  
  173  11:03  Stargate  
  173  11:04  Pylon, Stargate  
  173  11:14  Zealot x3  
  173  11:15  Zealot  
  181  11:19  Pylon  
  181  11:23  Protoss Air Weapons Level 1  
  178  11:34  Observer  
  178  11:38  Tempest x3  
  178  11:39  Mothership  
  190  12:03  Zealot x3  
  190  12:04  Zealot x5  
  190  12:21  Pylon  
  182  12:25  Zealot x7  
  182  12:26  Zealot x2  
  179  12:35  Zealot  
  169  12:40  Tempest x2  
  169  12:42  Nexus  
  169  12:43  Void Ray  
  175  13:02  High Templar x4  
  175  13:04  Pylon, High Templar x2  
  175  13:05  High Templar  
  179  13:06  High Templar  
  179  13:11  Archon x3  
  179  13:12  Archon  
  179  13:14  Archon x2  
  179  13:16  Void Ray  
  179  13:18  Warp Prism  
  177  13:21  Zealot x2  
  177  13:23  Photon Cannon  
  185  13:30  Void Ray  
  185  13:34  Void Ray  
  183  13:52  Zealot x3  
  144  14:05  Stalker x4  
  144  14:06  Stalker x3  
  135  14:12  Archon  
  135  14:15  Stalker x2  
  106  14:21  Stalker  
Show
View Real Time Build Order
Export as new Build Order

soO Zerg - Winner!

Build Orders: Hatch First, Brood Lord Corruptor, Muta Ling Bane 

Get SALT Encoding   

  12  0:00  Drone  
  13  0:13  Overlord  
  13  0:17  Drone  
  14  0:31  Drone x2  
  14  0:34  Drone  
  17  0:52  Hatchery  
  17  0:56  Drone  
  17  0:58  Drone  
  18  1:10  Extractor  
  17  1:14  Spawning Pool  
  17  1:17  Drone  
  17  1:20  Drone  
  18  1:28  Drone  
  19  1:39  Drone  
  20  1:52  Drone  
  20  1:54  Hatchery  
  20  2:04  Queen, Drone  
  20  2:08  Drone  
  24  2:13  Drone  
  25  2:18  Overlord  
  25  2:26  Queen  
  27  2:30  Metabolic Boost  
  27  2:35  Drone  
  28  2:37  Zergling x2  
  28  2:38  Zergling x2  
  28  2:43  Drone  
  31  2:45  Drone  
  31  2:50  Queen  
  34  2:54  Drone  
  35  2:58  Drone  
  35  3:00  Overlord  
  36  3:11  Drone x2  
  38  3:14  Drone  
  39  3:21  Drone  
  39  3:22  Drone  
  39  3:23  Queen  
  39  3:26  Overlord  
  43  3:27  Queen  
  43  3:30  Drone x2  
  43  3:32  Zergling x2  
  48  3:34  Drone  
  48  3:37  Drone  
  48  3:39  Overlord  
  50  3:44  Drone, Spore Crawler  
  50  3:51  Spore Crawler  
  50  3:54  Overlord, Drone  
  50  3:57  Overlord  
  50  4:00  Drone x3  
  50  4:01  Drone  
  54  4:03  Drone  
  54  4:08  Drone  
  56  4:11  Overlord  
  56  4:12  Lair  
  56  4:13  Drone  
  56  4:14  Drone  
  58  4:17  Drone x2  
  58  4:22  Drone x3  
  62  4:26  Zergling x2  
  62  4:29  Extractor  
  62  4:30  Extractor, Roach Warren  
  60  4:31  Drone  
  60  4:34  Zergling x4  
  62  4:39  Drone x2  
  62  4:40  Drone x2  
  62  4:41  Drone  
  62  4:45  Zergling x6  
  70  4:48  Drone  
  70  4:49  Drone  
  71  4:54  Drone  
  71  4:57  Drone x2  
  74  5:00  Spore Crawler  
  74  5:02  Drone x3  
  74  5:04  Overlord  
  74  5:07  Drone  
  77  5:12  Drone  
  78  5:18  Drone x4  
  78  5:20  Drone  
  82  5:23  Extractor, Overlord  
  82  5:24  Extractor  
  82  5:25  Spire  
  82  5:28  Extractor, Glial Reconstitution  
  78  5:38  Drone  
  78  5:39  Drone  
  78  5:40  Drone  
  80  5:43  Hatchery  
  80  5:46  Drone x4  
  80  5:47  Drone  
  80  5:48  Evolution Chamber  
  80  5:49  Overseer  
  83  5:59  Overseer  
  84  6:04  Zergling x24  
  91  6:15  Zerg Melee Weapons Level 1  
  91  6:18  Drone, Baneling Nest  
  88  6:20  Hydralisk Den, Drone  
  88  6:23  Hatchery  
  88  6:35  Drone x3  
  88  6:36  Overlord  
  88  6:37  Overlord  
  91  6:43  Mutalisk  
  91  6:44  Mutalisk x2  
  97  6:47  Overlord  
  97  6:49  Grooved Spines  
  97  6:51  Overlord  
  96  6:56  Hydralisk x9  
  113  7:07  Hydralisk x4  
  110  7:22  Drone x2  
  110  7:23  Drone x3  
  110  7:24  Drone x2  
  110  7:25  Drone x4  
  119  7:34  Drone x6  
  125  7:45  Queen  
  125  7:46  Drone x4  
  125  7:47  Overlord  
  131  7:52  Overlord  
  131  7:54  Overlord  
  131  8:01  Spore Crawler  
  127  8:07  Drone  
  127  8:08  Drone x3  
  127  8:10  Zerg Melee Weapons Level 2  
  129  8:14  Drone  
  129  8:15  Hydralisk x2, Zergling x2  
  129  8:16  Zergling x10  
  141  8:22  Infestation Pit  
  141  8:23  Zergling x2  
  141  8:24  Zergling x6  
  144  8:29  Overlord  
  144  8:30  Drone  
  145  8:34  Zergling x10  
  145  8:35  Overseer  
  145  8:41  Baneling x6  
  150  8:42  Baneling x4  
  150  8:44  Zergling x12  
  152  8:50  Zergling x8  
  152  8:52  Spine Crawler, Hatchery  
  152  8:53  Spine Crawler  
  153  8:57  Overlord  
  153  9:00  Zergling x10  
  157  9:09  Overlord x2  
  157  9:11  Hive  
  157  9:12  Overlord  
  157  9:15  Overlord  
  157  9:18  Centrifical Hooks  
  156  9:25  Drone x2  
  156  9:26  Drone  
  156  9:27  Zergling x24  
  170  9:32  Overseer  
  170  9:35  Drone x2  
  170  9:36  Drone x2  
  173  9:39  Hydralisk x2  
  173  9:40  Zergling x4  
  173  9:43  Drone  
  173  9:44  Drone x2  
  180  9:46  Spine Crawler, Baneling x16  
  178  9:55  Drone x3  
  178  9:56  Extractor  
  178  9:57  Spine Crawler  
  179  10:01  Overlord, Spore Crawler  
  179  10:02  Overlord  
  179  10:05  Zergling x2  
  179  10:06  Zergling x22  
  181  10:14  Muscular Augments  
  181  10:23  Extractor, Drone  
  180  10:31  Greater Spire, Adrenal Glands, Corruptor  
  180  10:32  Corruptor x6  
  180  10:35  Spine Crawler  
  193  10:40  Baneling x3  
  193  10:43  Pneumatized Carapace  
  193  10:47  Baneling x5  
  188  11:15  Zerg Melee Weapons Level 3  
  187  11:22  Extractor  
  187  11:23  Spine Crawler  
  187  11:24  Spine Crawler  
  177  11:44  Brood Lord x7  
  190  11:49  Corruptor x5  
  200  11:57  Spine Crawler  
  200  11:58  Spine Crawler  
  200  11:59  Corruptor, Spine Crawler  
  197  12:10  Spine Crawler  
  158  12:25  Corruptor x9  
  158  12:28  Drone x4  
  168  12:35  Drone x3  
  168  12:36  Hydralisk x4  
  171  12:37  Zergling x44  
  193  12:52  Overseer x2  
  193  13:07  Baneling  
  193  13:08  Zergling x12, Baneling x12  
  199  13:19  Drone  
  200  13:20  Drone  
  200  13:24  Baneling x5  
  200  13:29  Baneling x3  
  188  13:50  Overlord  
  188  13:54  Corruptor x3  
  172  14:10  Zergling x16  
  164  14:18  Zergling x20  

Tags
 
Add a new tag
Caveats
  • Supply blocks, unpowered buildings, or Contaminate may cause inaccurate times.
  • Supply counts are checked every 10 seconds.